 Dungeon Crawl Stone Soup version 0.31-a0-455-g1a7b003ef0 (webtiles) character file.

Game seed: 3785199061506021852

467 MisterAzrael the Magician (level 7, -4/52 HPs)
             Began as a Djinni Fire Elementalist on Aug 3, 2023.
             Slain by an iguana (12 damage)
             ... on level 5 of the Dungeon.
             The game lasted 00:06:35 (3859 turns).

MisterAzrael the Magician (DjFE)                    Turns: 3859, Time: 00:06:36

Health: -4/52      AC:  2    Str:  9    XL:     7   Next: 30%
Gold:   279        EV: 17    Int: 16    God:
                   SH:  0    Dex: 14

rFire   + + .        i - +6 scythe (antimagic)
rCold   x . .        (shield currently unavailable)
rNeg    . . .        a - +0 robe
rPois   ∞            (no helmet)
rElec   .            (no cloak)
rCorr   .            (no gloves)
SInv    .            (boots unavailable)
Will    .....        (no amulet)
Stlth   ++           e - +5 ring of evasion
HPRegen 0.28/turn    (no ring)
MPRegen 0.00/turn

%: infuse magic (-5 HP)
@: flying, very slightly contaminated
A: sickness immunity, fire resistance 2, cold vulnerability 1, float, innate
caster, HP casting, extra vitality 1
a: no special abilities


You were on level 5 of the Dungeon.
You visited 1 branch of the dungeon, and saw 5 of its levels.

You collected 279 gold pieces.

Inventory:

Hand Weapons
 b - a +1 whip of electrocution
 i - a +6 antimagic scythe (weapon)
 r - the +8 long sword "Faxa" {vamp, rN+ Int+3}
   (You found it on level 4 of the Dungeon)

   Int:       It affects your intelligence (+3).
   rN:        It protects you from negative energy.
Armour
 a - a +0 robe (worn)
 f - a +3 scale mail
Jewellery
 e - a +5 ring of evasion (left hand)
Talismans
 k - a serpent talisman
Wands
 h - a wand of flame (13)
 p - a wand of roots (7)
Scrolls
 c - 4 scrolls of identify {unknown}
 d - a scroll of noise {unknown}
 g - a scroll of butterflies {unknown}
 j - 2 scrolls of enchant armour {unknown}
 m - a scroll of amnesia {unknown}
 n - a scroll of teleportation {unknown}
 o - a scroll of immolation {unknown}
 s - a scroll of fear {unknown}
Potions
 l - 2 potions of curing {unknown}
 q - a potion of resistance
 t - a potion of heal wounds {unknown}


   Skills:
 * Level 4.2 Fighting
 - Level 1.6 Maces & Flails
 + Level 1.2 Polearms
 - Level 2.1 Dodging
 - Level 1.5 Stealth
 * Level 4.5 Spellcasting
 * Level 4.5 Conjurations
 * Level 4.5 Hexes
   Level 0.0 Charms
 * Level 4.5 Summonings
 * Level 4.5 Necromancy
 * Level 4.5 Translocations
 * Level 4.5 Transmutations
 * Level 4.5 Fire Magic
 * Level 4.5 Ice Magic
 * Level 4.5 Air Magic
 * Level 4.5 Earth Magic
 * Level 4.5 Poison Magic


You knew the following spells:

 Your Spells              Type           Power      Damage    Failure   Level
a - Foxfire               Conj/Fire      72%        2x1d7     2%          1
b - Scorch                Fire           36%        2d6       3%          2
c - Volatile Blastmotes   Fire/Tloc      36%        2d13      8%          3
d - Inner Flame           Hex/Fire       18%        N/A       8%          3
e - Flame Wave            Conj/Fire      18%        2d7       24%         4
f - Magic Dart            Conj           72%        1d6       2%          1
g - Lesser Beckoning      Tloc           36%        N/A       3%          2
h - Gell's Gravitas       Tloc           18%        N/A       8%          3
Your spell library was empty.

Dungeon Overview and Level Annotations

Branches:
Dungeon (5/15)
 Temple: D:4-7

Altars:
Wu Jian
The Shining One

Annotations:
D:3 1 runed translucent door, Crazy Yiuf


Innate Abilities, Weirdness & Mutations

You are immune to sickness and miasma.
You are immune to poison.
Your flesh is very heat resistant. (rF++)
You are vulnerable to cold. (rC-)
You float through the air rather than walking.
You learn spells naturally, not from books.
Your magical power is your life essence.
You have superior vitality. (+4 MHP)


Message History

The iguana hisses angrily.
An iguana is nearby!
The magic dart hits the iguana.
The iguana is lightly wounded.
The magic dart hits the iguana but does no damage.
The iguana is lightly wounded.
The iguana completely misses you.
The magic dart hits the iguana.
The iguana is moderately wounded.
The iguana barely misses you.
A hound comes into view.
Found a scroll labelled VUS JAVIRO.
The iguana barely misses you.
You closely miss the iguana.
The iguana is moderately wounded.
The iguana completely misses you.
You closely miss the iguana.
The iguana is moderately wounded.
The iguana barely misses you.
The hound barks!
You hit the iguana.
The iguana is heavily wounded.
The hound closely misses you. The iguana bites you!
The hound closely misses you. The iguana bites you!
The hound closely misses you.
Casting: Magic Dart (safe; 2% risk of failure)
Confirm with . or Enter, or press ? or * to list all spells.
The spell is quite dangerous to miscast (24% risk of failure)!
Continue anyway?
Casting: Flame Wave (quite dangerous; 24% risk of failure)
Press: ? - help, Dir - look around, f - activate You miscast Flame Wave.
You are very lightly contaminated with residual magic.
You are caught in a violent explosion!
* * * LOW HITPOINT WARNING * * *
x2 The hound bites you.
* * * LOW HITPOINT WARNING * * *
The iguana barely misses you. The hound bites you.
* * * LOW HITPOINT WARNING * * *
The iguana bites you!
You die...

#### #..##
##...###
##......##
##........##
#.........@#
#...#####.lh#
#..## ###..#
#..# ..# #..#
..# ###..#
..#
#####....##
.?#
..........##
..#
...........#


You could see an iguana and a hound.

Vanquished Creatures
  Sigmund (D:2)
  2 phantoms
  An orc priest (D:3)
  A gnoll (D:1)
  3 adders
  An ufetubus (D:3)
  2 dart slugs (D:1)
  12 orcs
  13 ball pythons
  3 endoplasms
  4 giant cockroaches
  5 goblins
  10 hobgoblins
  9 kobolds
  2 quokkas
  5 bats
  2 frilled lizards
  7 rats
83 creatures vanquished.

Vanquished Creatures (collateral kills)
  2 foxfires (D:1)
2 creatures vanquished.

Vanquished Creatures (others)
  35 foxfires
35 creatures vanquished.

Grand Total: 120 creatures vanquished

Notes
Turn   | Place    | Note
-------+----------+-------------------------------------------
     0 | D:1      | MisterAzrael the Djinni Fire Elementalist began the quest
                  | for the Orb.
     0 | D:1      | MisterAzrael set off with the following spells memorised:
                  | Foxfire, Scorch, Volatile Blastmotes, Inner Flame, Flame
                  | Wave.
     0 | D:1      | Reached XP level 1. HP: 15/15 MP: 0/0
    93 | D:1      | Reached XP level 2. HP: 11/21 MP: 0/0
    99 | D:1      | Reached skill level 1 in Fighting
   332 | D:1      | Reached XP level 3. HP: 27/27 MP: 0/0
   332 | D:1      | Learned a level 1 spell: Magic Dart
  1214 | D:2      | Noticed Sigmund
  1225 | D:2      | Killed Sigmund
  1226 | D:2      | Reached skill level 1 in Maces & Flails
  1226 | D:2      | Reached XP level 4. HP: 7/35 MP: 0/0
  1226 | D:2      | Reached XP level 5. HP: 8/40 MP: 0/0
  1226 | D:2      | Learned a level 2 spell: Lesser Beckoning
  1226 | D:2      | Reached XP level 6. HP: 9/46 MP: 0/0
  2200 | D:3      | Found a glowing golden altar of the Shining One.
  2297 | D:3      | Reached XP level 7. HP: 12/51 MP: 0/0
  2297 | D:3      | Learned a level 3 spell: Gell's Gravitas
  2556 | D:3      | Found an ornate altar of the Wu Jian Council.
  2807 | D:3      | Found a runed translucent door.
  2808 | D:3      | Noticed Crazy Yiuf
  2887 | D:4      | Reached skill level 1 in Polearms
  3430 | D:4      | Identified the +8 long sword "Faxa" {vamp, rN+ Int+3}
  3807 | D:5      | Entered Level 5 of the Dungeon
  3859 | D:5      | Slain by an iguana

Illustrated notes

Levels and vault maps discovered:
D:1:      dpeg_arrival_three_same_balls, layout_loops_ring, item_on_display_a
D:2:      layout_loops_ring, uniq_sigmund
D:3:      layout_rooms, mainiacjoe_overflow_catwalk,
          gammafunk_temple_overflow_elements, uniq_crazy_yiuf_cottage
D:4:      layout_basic, serial_park_tiny_1
D:5:      cheibrodos_fertilizer, layout_layer_cave, uniq_prince_ribbit1,
          uniq_pikel, uniq_duvessa

Skill      XL: |  1  2  3  4  5  6  7 |
---------------+----------------------+-----
Spellcasting   | 4 |  4.5
Conjurations   | 4 |  4.5
Hexes          | 4 |  4.5
Summonings     | 4 |  4.5
Necromancy     | 4 |  4.5
Translocations | 4 |  4.5
Transmutations | 4 |  4.5
Fire Magic     | 4 |  4.5
Ice Magic      | 4 |  4.5
Air Magic      | 4 |  4.5
Earth Magic    | 4 |  4.5
Poison Magic   | 4 |  4.5
Fighting       | 1 3 4 |  4.2
Maces & Flails | 1 |  1.6
Polearms       | 1 |  1.2
Dodging        | |  2.1
Stealth        | |  1.5

Action                     |  1- 3 |  4- 6 |  7- 9 || total
---------------------------+-------+-------+-------++-------
  Melee: Whip              |     2 |       |       ||     2
         Halberd           |       |    38 |     4 ||    42
   Cast: Foxfire           |    17 |     6 |     2 ||    25
         Magic Dart        |    61 |    53 |    45 ||   159
         Scorch            |     3 |       |       ||     3
         Flame Wave        |       |     1 |       ||     1
    Use: Potion            |       |     2 |       ||     2
   Stab: Sleeping          |     1 |     1 |       ||     2
 Armour: Robe              |     3 |     3 |       ||     6
  Dodge: Dodged            |    19 |    64 |    17 ||   100

Table legend: (Time is in decaauts)
 A = Elapsed time spent in this place.
 B = Non-inter-level travel time spent in this place.
 C = Inter-level travel time spent in this place.
 D = Time resting spent in this place.
 E = Time spent auto-exploring this place.
 F = Levels seen in this place.
 G = Mean time per level.
                   A        B        C        D        E       F      G
               +--------+--------+--------+--------+--------+-----+--------+
         Total |   3877 |   3802 |     75 |    648 |   2644 |   5 |  775.4 |
       Dungeon |   3877 |   3802 |     75 |    648 |   2644 |   5 |  775.4 |
               +--------+--------+--------+--------+--------+-----+--------+

Top non-repeatable levels by time:
     D:1: 1054 daAuts
     D:4: 935 daAuts
     D:3: 929 daAuts
     D:2: 904 daAuts
     D:5: 53 daAuts
